 Dungeon Crawl Stone Soup version 0.19.0-23-gf02e663 (webtiles) character file.

59 Leibowitz the Sneak (level 3, 0/27 HPs)
             Began as a Demigod Enchanter on Nov 19, 2016.
             Slain by a frilled lizard (1 damage)
             ... on level 3 of the Dungeon.
             The game lasted 00:06:04 (1907 turns).

Leibowitz the Sneak (Demigod Enchanter)             Turns: 1907, Time: 00:06:05

Health: 0/27       AC:  3    Str: 11    XL:     3   Next: 54%
Magic:  2/8        EV: 12    Int: 21    God:
Gold:   43         SH:  0    Dex: 16    Spells: 2 memorised, 3 levels left

rFire  . . .     SeeInvis .     l - +0 trident (curse)
rCold  . . .     Gourm    .     b - +1 robe
rNeg   . . .     Faith    .     (no shield)
rPois  .         Spirit   .     (no helmet)
rElec  .         Reflect  .     (no cloak)
rCorr  .         Harm     .     (no gloves)
MR     .....                    (no boots)
Stlth  ++........               (no amulet)
                                (no ring)
                                (no ring)

@: starving
A: high mp 1
a: no special abilities


You were on level 3 of the Dungeon.
You were starving.

You visited 1 branch of the dungeon, and saw 3 of its levels.

You collected 43 gold pieces.

Inventory:

Hand Weapons
 a - a +1 dagger
 e - a +0 blowgun
 l - a cursed +0 trident (weapon)
Missiles
 g - 13 poisoned needles
Armour
 b - a +1 robe (worn)
Scrolls
 f - a scroll of magic mapping
 j - a scroll of remove curse {unknown}
Books
 c - a book of Maledictions

   Spells                             Type                      Level
   a - Corona                         Hexes                        1
   b - Ensorcelled Hibernation        Hexes/Ice                    2
   c - Confuse                        Hexes                        3
   d - Tukima's Dance                 Hexes                        3
   e - Dazzling Spray                 Conjuration/Hexes            3
Comestibles
 d - a bread ration
 i - a meat ration


   Skills:
 + Level 0.6 Fighting
 + Level 1.2 Short Blades
 + Level 1.9 Dodging
 + Level 3.3 Stealth
 + Level 2.0 Spellcasting
 + Level 3.2 Hexes
 + Level 0.3 Ice Magic


You had 3 spell levels left.
You knew the following spells:

 Your Spells              Type           Power        Failure   Level  Hunger
a - Corona                Hex            ###....      4%          1    #......
b - Ensorcelled Hibernat  Hex/Ice        #.....       12%         2    ##.....


Dungeon Overview and Level Annotations

Branches:
Dungeon (3/15)


Innate Abilities, Weirdness & Mutations

You have an increased reservoir of magic. (+10% MP)


Message History

Aim: a frilled lizard (chance to defeat MR: 58%)
The frilled lizard looks drowsy...
The frilled lizard bites you but does no damage.
The frilled lizard bites the plant but does no damage. x3
The dart slug bites the plant but does no damage.
The frilled lizard completely misses the plant.
The goblin hits the plant but does no damage.
The helpless frilled lizard fails to defend itself.
You puncture the frilled lizard!
You kill the frilled lizard!
You are starving!
The frilled lizard closely misses you.
The frilled lizard bites the plant but does no damage.
The dart slug bites the plant but does no damage.
The goblin hits the plant with a club.
The frilled lizard bites the plant.
You start eating the bread ration.
The frilled lizard closely misses you.
The frilled lizard bites the plant but does no damage.
The frilled lizard bites you.
Keep eating?
You die... ### ###@# #Pll## #lPlP#

#gPl.#
#PwP†#
#.....#
......###
##..##
#.#


You could see a dart slug, a goblin and 5 frilled lizards.

Vanquished Creatures
  An adder (D:2)
  3 dart slugs (D:1)
  2 leopard geckos
  2 giant cockroaches (D:2)
  5 goblins
  6 hobgoblins
  A quokka (D:2)
  A ball python (D:2)
  6 bats
  9 frilled lizards
  6 kobolds
  3 rats
45 creatures vanquished.

Notes
Turn   | Place    | Note
-------+----------+-------------------------------------------
     0 | D:1      | Leibowitz the Demigod Enchanter began the quest for the Orb.
     0 | D:1      | Reached XP level 1. HP: 14/14 MP: 5/5
    61 | D:1      | Reached skill level 1 in Short Blades
   136 | D:1      | Reached XP level 2. HP: 19/20 MP: 5/7
   140 | D:1      | Learned a level 2 spell: Ensorcelled Hibernation
  1128 | D:2      | Reached XP level 3. HP: 24/27 MP: 4/8
  1143 | D:2      | Found a white marble altar of Elyvilon.
  1904 | D:3      | HP: 1/27 [frilled lizard (1)]
  1907 | D:3      | Slain by a frilled lizard

Skill      XL: |  1  2 |
---------------+-------+-----
Short Blades   | 1 |  1.2
Stealth        | 3 |  3.3
Hexes          | 3 |  3.2
Spellcasting   | 2 |  2.0
Fighting       | |  0.6
Dodging        | |  1.9
Ice Magic      | |  0.3

Action                   || total
-------------------------++-------
Melee: Dagger            ||    96
       Trident           ||    61
 Cast: Corona            ||    25
       Ensorcelled Hiber ||    18
  Use: Potion            ||     5
       Scroll            ||     4
 Stab: Sleeping          ||    14
  Eat: Chunk             ||     3
Armor: Robe              ||    55
Dodge: Dodged            ||   160
